 Dungeon Crawl Stone Soup version 0.26.1-11-gd32895ea62 (webtiles) character file.

Game seed: 2083764481912305684

578 ubername the Magician (level 7, -3/44 (48) HPs)
             Began as a Barachi Venom Mage on July 8, 2021.
             Slain by Menkaure (15 damage)
             ... on level 4 of the Dungeon.
             The game lasted 00:16:40 (6831 turns).

ubername the Magician (Barachi Venom Mage)          Turns: 6831, Time: 00:16:43

HP:   -3/44 (48)    AC:  3    Str:  9    XL:     7   Next: 35%
MP:   14/15         EV: 13    Int: 18    God:
Gold: 247           SH:  0    Dex: 12    Spells: 6/16 levels left

rFire    + . .     SeeInvis .   b - +1 mace
rCold    . . .     Faith    .   (no shield)
rNeg     . . .     Spirit   .   q - +0 robe
rPois    .         Reflect  .   (no helmet)
rElec    .         Harm     .   f - scarf {+Inv}
rCorr    .         Rampage  .   o - +0 pair of gloves
Will     .....                  (no boots)
Stlth    ++........             (no amulet)
HPRegen  0.14/turn              g - ring of protection from fire
MPRegen  0.14/turn              (no ring)

@: about to teleport, can't hop, drained, slow
A: +LOS, swims, slowness 1, strong legs 1
a: Hop, Evoke Invisibility


You were on level 4 of the Dungeon.
You visited 2 branches of the dungeon, and saw 6 of its levels.

You collected 247 gold pieces.

Inventory:

Hand Weapons
 a - a +0 hunting sling
 b - a +1 mace (weapon)
Missiles
 c - 32 poisoned darts (quivered)
 d - 146 stones
 i - 8 boomerangs
 p - 16 sling bullets
Armour
 f - a scarf of invisibility (worn)
 h - a +0 cloak
 o - a +0 pair of gloves (worn)
 q - a +0 robe (worn)
Jewellery
 g - a ring of protection from fire (left hand)
 k - an uncursed ring of ice
Scrolls
 e - a scroll of amnesia
Potions
 j - a potion of flight
 l - a potion of attraction


   Skills:
 + Level 1.6 Fighting
 + Level 1.2 Maces & Flails
 + Level 0.1 Throwing
 + Level 3.4 Dodging
 + Level 2.4 Stealth
 + Level 5.3 Spellcasting
 + Level 2.1 Transmutations
 + Level 0.2 Fire Magic
 + Level 2.2 Air Magic
 + Level 4.8 Poison Magic


You had 6 spell levels left.
You knew the following spells:

 Your Spells              Type           Power        Failure   Level
a - Sting                 Tmut/Pois      68%          3%          1
b - Poisonous Vapours     Pois/Air       34%          4%          2
c - Ignite Poison         Fire/Tmut/Pois 13%          14%         3
d - Olgreb's Toxic Radia  Pois           22%          17%         4

Your spell library contained the following spells:

 Spells                   Type           Power        Failure   Level
 Mephitic Cloud           Conj/Pois/Air  13%          14%         3
 Confusing Touch          Hex            4%           36%         3
 Gell's Gravitas          Tloc           2%           36%         3
 Petrify                  Tmut/Erth      8%           63%         4
 Yara's Violent Unravell  Hex/Tmut       4%           93%         5
 Metabolic Englaciation   Hex/Ice        2%           98%         5


Dungeon Overview and Level Annotations

Branches:
Dungeon (5/15)             Temple (1/1) D:5

Altars:
Ashenzari
Elyvilon
Fedhas
Gozag
Hepliaklqana
Kikubaaqudgha
Makhleb
Nemelex Xobeh
Okawaru
Qazlal
Ru
Sif Muna
Trog
Uskayaw
Wu Jian
Xom
Yredelemnul
Zin
The Shining One

Annotations:
D:3 1 runed translucent door, ubername's ghost, amateur BaMo
D:4 Menkaure


Innate Abilities, Weirdness & Mutations

You can be seen from farther away. (+LOS)
You can swim through water.
You cover ground slowly.
You can hop short distances.


Message History

Menkaure calls on the powers of darkness!
Your body is wracked with pain!
* * * LOW HITPOINT WARNING * * *
Casting: Ignite Poison (dangerous; 14% risk of failure)
Confirm with . or Enter, or press ? or * to list all spells.
Okay, then.
Hop to where?
Press: ? - help, Dir - move target Boing!
As you read the scroll of teleportation, it crumbles to dust.
You feel strangely unstable. Menkaure barely misses you.
Casting: Ignite Poison (dangerous; 14% risk of failure)
Confirm with . or Enter, or press ? or * to list all spells.
Aiming: Sting (safe; 3% risk of failure)
Press: ? - help, Shift-Dir - straight line, f - Menkaure
Aim: Menkaure (fast, 12% to evade)
The sting hits Menkaure.
Menkaure partially resists.
Menkaure is lightly damaged.
Menkaure hits you!
You die...

# #.# ###.############ #.# #....#
####.####....########
#............#......#
#.##.####....#......# # #.##.#
###.........# # #.##.#
####.##......# ###.##.#
#.##.##......# ....##.#
#....##@.....#
.#####.###.######M###############
.......#......# #................
#.###..#......# #################
#.###..#......# #..M.##..........
#..##..#......# #..M..#..######
##.##.........# #######..#...M.
##.###.#......# ...........####
.......#......# ############


You could see Menkaure (fast).

Vanquished Creatures
  3 scorpions
  2 hounds (D:5)
  A jelly (D:5)
  2 orc wizards (D:4)
  4 worker ants
  4 gnolls (D:4)
  6 adders
  A white imp (D:3)
  4 worms
  A dart slug (D:2)
  2 leopard geckos (D:3)
  6 orcs
  2 ball pythons
  6 giant cockroaches
  6 goblins
  3 hobgoblins
  9 jackals
  8 kobolds
  2 quokkas
  6 bats
  5 frilled lizards
  A quokka skeleton (D:4)
  4 rats (D:1)
88 creatures vanquished.

Notes
Turn   | Place    | Note
-------+----------+-------------------------------------------
     0 | D:1      | ubername the Barachi Venom Mage began the quest for the
                  | Orb.
     0 | D:1      | Reached XP level 1. HP: 13/13 MP: 3/3
   137 | D:1      | Reached XP level 2. HP: 19/19 MP: 3/5
   443 | D:1      | Learned a level 2 spell: Poisonous Vapours
   608 | D:1      | Reached XP level 3. HP: 18/24 MP: 1/6
  1267 | D:2      | Found a white marble altar of Elyvilon.
  1469 | D:2      | Found a glowing silver altar of Zin.
  1495 | D:2      | Found a hide-covered altar of Uskayaw.
  1495 | D:2      | Noticed a +0 hand axe
  1496 | D:2      | Noticed a +0 hand axe
  2104 | D:3      | Learned a level 3 spell: Ignite Poison
  2159 | D:3      | Reached skill level 3 in Spellcasting
  2407 | D:3      | Reached XP level 4. HP: 27/30 MP: 5/8
  2436 | D:3      | Found a faded altar of an unknown god.
  2745 | D:3      | You fall into a shaft and drop 2 floors!
  2745 | D:5      | Entered Level 5 of the Dungeon
  2759 | D:5      | Reached XP level 5. HP: 9/35 MP: 2/10
  3055 | D:5      | Reached skill level 4 in Spellcasting
  3055 | D:5      | Reached skill level 1 in Air Magic
  3418 | D:5      | Reached XP level 6. HP: 41/41 MP: 7/12
  3459 | D:5      | Found a staircase to the Ecumenical Temple.
  3472 | Temple   | Entered the Ecumenical Temple
  3640 | D:5      | Noticed a phantom
  4013 | D:4      | Reached skill level 1 in Fighting
  4146 | D:4      | Noticed Menkaure
  4775 | D:3      | Found a runed translucent door.
  4776 | D:3      | Noticed ubername's ghost (amateur BaMo)
  5176 | D:4      | Noticed a phantom
  5372 | D:5      | Found a sparkling altar of Nemelex Xobeh.
  5649 | D:5      | Reached skill level 5 in Spellcasting
  6145 | D:4      | Reached skill level 1 in Maces & Flails
  6180 | D:4      | Reached XP level 7. HP: 42/48 MP: 4/14
  6356 | D:4      | Learned a level 4 spell: Olgreb's Toxic Radiance
  6831 | D:4      | Slain by Menkaure

Illustrated notes

Levels and vault maps discovered:
D:1:      lemuel_arrival_behind_the_door_large, layout_basic
D:2:      layout_basic, dancing_weapons_uskayaw, elyvilon_altar_3,
          lemuel_round_altar, minmay_pentomino_r2
D:3:      layout_basic, ebering_ghost_reflecting_pool,
          chequers_ecumenical_altar_simple_redux, minivault_24,
          kennysheep_big_empty_room
D:4:      layout_basic, uniq_menkaure
D:5:      layout_basic, nicolae_overflow_crystal_walls,
          minmay_temple_entry_overgrown
Temple:   regret_index_temple_waves

Skill      XL: |  1  2  3  4  5  6  7 |
---------------+----------------------+-----
Stealth        | 2 |  2.4
Spellcasting   | 3 4 5 |  5.3
Poison Magic   | 4 |  4.8
Air Magic      | 1 2 |  2.2
Dodging        | 3 |  3.4
Fighting       | 1 |  1.6
Transmutations | 2 |  2.1
Maces & Flails | 1 |  1.2
Throwing       | |  0.1
Fire Magic     | |  0.2

Action                   |  1- 3 |  4- 6 |  7- 9 || total
-------------------------+-------+-------+-------++-------
Melee: Mace              |    30 |    64 |     3 ||    97
Throw: Dart              |       |     4 |       ||     4
 Cast: Sting             |    31 |    17 |     2 ||    50
       Poisonous Vapours |    17 |    59 |     2 ||    78
       Ignite Poison     |       |     2 |     3 ||     5
       Olgreb's Toxic Ra |       |       |     1 ||     1
 Abil: Hop               |       |       |     1 ||     1
  Use: Scroll            |     4 |     5 |     1 ||    10
       Potion            |     2 |    10 |       ||    12
Armor: Robe              |    11 |     8 |     1 ||    20
Dodge: Dodged            |    34 |    72 |     1 ||   107
